 Dungeon Crawl Stone Soup version 0.29.1-2-gbd0b4ee654 (webtiles) character file.

Game seed: 3017261314659066098

14 jamestheduck25 the Sneak (level 2, 0/13 HPs)
             Began as a Spriggan Enchanter on Nov 10, 2022.
             Frozen to death by an endoplasm (3 damage)
             ... on level 1 of the Dungeon.
             The game lasted 00:06:24 (1013 turns).

jamestheduck25 the Sneak (Spriggan Enchanter)       Turns: 1013, Time: 00:06:24

Health: 0/13       AC:  2    Str:  4    XL:     2   Next: 27%
Magic:  6/6        EV: 17    Int: 16    God:
Gold:   14         SH:  0    Dex: 15    Spells: 4/6 levels left

rFire   . . .      SeeInvis +   a - +1 dagger
rCold   . . .      Faith    .   (no shield)
rNeg    . . .      Spirit   .   b - +0 robe
rPois   .          Reflect  .   (helmet restricted)
rElec   .          Harm     .   (no cloak)
rCorr   .          Rampage  .   (gloves unavailable)
Will    .....                   (boots unavailable)
Stlth   +++.......              (no amulet)
HPRegen 0.04/turn               (no ring)
MPRegen 0.10/turn               (no ring)

@: very quick
A: very small, no large weapons, unfitting armour, see invisible, speed 3
a: no special abilities


You were on level 1 of the Dungeon.
You visited 1 branch of the dungeon, and saw 1 of its levels.

You collected 14 gold pieces.

Inventory:

Hand Weapons
 a - a +1 dagger (weapon)
 i - a +0 sling
Armour
 b - a +0 robe (worn)
Scrolls
 d - a scroll of fear {unknown}
 f - a scroll of teleportation {unknown}
 j - a scroll of identify {unknown}
Potions
 c - 2 potions of invisibility
 e - 2 potions of resistance {unknown}
 g - 4 potions of curing {unknown}
 h - a potion of brilliance {unknown}


   Skills:
 + Level 1.3 Short Blades
 + Level 3.0 Dodging
 * Level 4.9 Stealth
 + Level 2.9 Spellcasting
 + Level 3.7 Hexes


You had 4 spell levels left.
You knew the following spells:

 Your Spells              Type           Power      Damage    Failure   Level
a - Ensorcelled Hibernat  Hex/Ice        16%        N/A       13%         2

Your spell library contained the following spells:

 Spells                   Type           Power      Damage    Failure   Level
 Confusing Touch          Hex            14%        N/A       12%         3
 Tukima's Dance           Hex            14%        N/A       12%         3
 Dazzling Flash           Conj/Hex       16%        N/A       26%         3
 Passwall                 Tmut/Erth      1%         N/A       28%         2
 Swiftness                Air            2%         N/A       50%         3


Dungeon Overview and Level Annotations

Branches:
Dungeon (1/15)

Altars:


Innate Abilities, Weirdness & Mutations

You are very small and have problems with some larger weapons.
You are too small for most types of armour.
You have supernaturally acute eyesight. (SInv)
You cover ground extremely quickly. (Speed+++)


Message History

An endoplasm comes into view.
The hobgoblin shouts!
You hit the hobgoblin but do no damage.
The endoplasm quivers.
The hobgoblin misses you.
You hit the hobgoblin but do no damage. You hit the hobgoblin.
The hobgoblin is almost dead.
The hobgoblin hits you.
You closely miss the hobgoblin.
The hobgoblin is almost dead.
The hobgoblin hits you. The endoplasm closely misses you.
You hit the hobgoblin.
You kill the hobgoblin!
The endoplasm freezes you.
You are frozen.
Your Dodging skill increases to level 3!
You hit the endoplasm.
The endoplasm is lightly wounded.
The endoplasm freezes you.
You are frozen.
* * * LOW HITPOINT WARNING * * *
There is a staircase leading out of the dungeon here.
A rat comes into view.
Found a puce potion.
The helpless rat fails to defend itself.
You puncture the rat!
You kill the rat!
You see here a rat corpse.
g - 4 puce potions (gained 1)
An endoplasm comes into view.
You hit the endoplasm.
You punch the endoplasm, but do no damage.
The endoplasm is moderately wounded.
The endoplasm closely misses you.
You hit the endoplasm.
The endoplasm is almost dead.
The endoplasm freezes you.
You are frozen.
You die...

##.#P.....~P(#...# #.........#..
#.............##.###########.#..
#.##.#####..#.....# #.... #.##...
...####..# #.##. #.## ######...
...# ##.##. ##.#### #######.###
#...#. ......# #.......# #...##
##.##.# #####†###.#.#### #...#
#.##.# #......@J......####...#
##....#....#####...............##
......#... #...#.....#.......
.####.#J. #...##...##.......
..)...#. #....###.###.......
.###### #.#### #J# ####..## .#
...## #.# ##...# .#
#...####.####....# .# #####
#.......<........#


You could see an endoplasm.

Vanquished Creatures
  An endoplasm (D:1)
  3 goblins (D:1)
  3 hobgoblins (D:1)
  A kobold (D:1)
  A ball python (D:1)
  2 frilled lizards (D:1)
  2 rats (D:1)
13 creatures vanquished.

Vanquished Creatures (others)
  2 plants (D:1)
2 creatures vanquished.

Grand Total: 15 creatures vanquished

Notes
Turn   | Place    | Note
-------+----------+-------------------------------------------
     0 | D:1      | jamestheduck25 the Spriggan Enchanter began the quest for
                  | the Orb.
     0 | D:1      | Reached XP level 1. HP: 9/9 MP: 5/5
   679 | D:1      | Reached XP level 2. HP: 7/13 MP: 6/6
   682 | D:1      | Found a faded altar of an unknown god.
   868 | D:1      | Learned a level 2 spell: Ensorcelled Hibernation
  1013 | D:1      | Frozen to death by an endoplasm

Illustrated notes

Levels and vault maps discovered:
D:1:      roderic_crossed_star, layout_loops_cross,
          shapermc_ecumenical_altar_mp_ritualfount

Skill      XL: |  1  2 |
---------------+-------+-----
Dodging        | 3 |  3.0
Short Blades   | |  1.3
Stealth        | |  4.9
Spellcasting   | |  2.9
Hexes          | |  3.7

Action                   || total
-------------------------++-------
Melee: Dagger            ||    49
       Punch             ||     3
 Cast: Ensorcelled Hiber ||     1
 Stab: Sleeping          ||     3
       Distracted        ||     1
Armor: Robe              ||     1
Dodge: Dodged            ||    22
